 Dungeon Sprint DCSS version 0.22.0-18-ge075c0d (webtiles) character file.

7400000 poirepourri the Intangible (level 27, -8/298 HPs)
             Began as a Deep Dwarf Gladiator on Aug 18, 2018.
             Was the Champion of Makhleb.
             Mangled by The Servant
             ... wielding a +9 glaive of flaming
              (79 damage)
             ... in the Dungeon (Sprint VIII: "Arena of Blood").
             The game lasted 00:01:43 (74 turns).

poirepourri the Intangible (Deep Dwarf Gladiator)     Turns: 74, Time: 00:01:43

Health: -8/298     AC:  8    Str: 19    XL:     27
Magic:  30/54      EV: 36    Int: 12    God:    Makhleb [******]
Gold:   0          SH:  0    Dex: 23    Spells: 80/80 levels left

rFire    . . .     SeeInvis .   k - +∞ Axe of Woe
rCold    . . .     Gourm    .   (shield currently unavailable)
rNeg     + . .     Faith    .   a - +0 leather armour
rPois    .         Spirit   .   b - +0 helmet
rElec    .         Reflect  .   (no cloak)
rCorr    .         Harm     .   (no gloves)
MR       ++++.     NoTele   +   (no boots)
Stlth    +++++++++.             (no amulet)
HPRegen  0.00/turn              (no ring)
MPRegen  0.34/turn              (no ring)

@: non-regenerating
A: damage resistance, heal wounds, negative energy resistance 1, sense
surroundings 3, no regeneration
a: Heal Wounds, Minor Destruction, Lesser Servant of Makhleb, Major Destruction,
Greater Servant of Makhleb, Renounce Religion


You were in the Dungeon.
You worshipped Makhleb.
Makhleb was exalted by your worship.
You were not hungry.

You visited 1 branch

Inventory:

Hand Weapons
 k - the +∞ Axe of Woe (weapon)
   (You found it in the Dungeon)
Missiles
 c - 3 throwing nets (quivered)
Armour
 a - a +0 leather armour (worn)
 b - a +0 helmet (worn)
Scrolls
 j - a scroll of blinking
Potions
 e - a potion of curing
 f - a potion of heal wounds
 g - a potion of haste
 h - 2 potions of magic
 i - a potion of berserk rage
Comestibles
 d - a ration


   Skills:
 O Level 27 Fighting
 O Level 27 Axes
 O Level 27 Throwing
 O Level 27 Armour
 O Level 27 Dodging
 O Level 27 Stealth
 O Level 27 Unarmed Combat
 O Level 27 Spellcasting
 O Level 27 Invocations


You had 80 spell levels left.
You didn't know any spells.
Your spell library was empty.

Dungeon Overview and Level Annotations

Branches:
Dungeon (1/1)

Altars:
Makhleb

Annotations:
D The Servant


Innate Abilities, Weirdness & Mutations

You are resistant to damage.
You can heal yourself by infusing magical energy.
You resist negative energy. (rN+)
You passively map a large area around you.
You do not regenerate.


Message History

You hear a shout! x5
A meat berserker comes into view. It is wielding a +9 battleaxe.
You hear a shout!
The tyrant is engulfed in blazing flames.
You hear a shout! x2; You hear a roar!
You hear a shout!
Unknown command.
You slash the tyrant! You chop the tyrant into pieces.
You destroy the tyrant!
Makhleb accepts your kill.
You feel better.
The large abomination disappears in a puff of smoke! x4
You are engulfed in blazing flames.
You hear a shout! x5
The dread calls on the powers of darkness!
The Servant convulses!
The bag of meat convulses!
Your body is wracked with pain!
* * * LOW HITPOINT WARNING * * *
The meat berserker convulses!
The Servant hits you from afar with a +9 glaive of flaming!!!!
You die...

, ,, , ,..... ,.. ,
,, , ,* , , #... .# ,
, , *,. ,#.V. ,..# ,
, ...###%.o, O.###.
,, , ,
......%.###§§...., ,
, #...o..W._.....O ,
, , ,,* ...o
,#)@)§.#,, , , , , ,
..... #§)§§_# , ,
......#@§...#.. , ,*
* , #.....))§§%.....
, ,
,,,,......%.###......
, , , ,, ...###...
..###.,, ,, ,..
,#O... ..# ,, , ,
,#..... .# , , ,,
......... ,, * ,
.......o , , , * ,,
........oO, ,,* ,


You could see The Servant, a destroyer, a dread, 2 meat berserkers and a bag of
meat.

Vanquished Creatures
  13 vampire knights (D)
  14 ogres (D)
  A two-headed ogre (D)
  A lich (D)
  24 orcs (D)
  A skeletal warrior (D)
  2 large abominations (D)
  A small abomination (D)
  2 crawling corpses (D)
59 creatures vanquished.

Notes
Turn   | Place    | Note
-------+----------+-------------------------------------------
     0 | D        | Found the +∞ Axe of Woe
     0 | D        | poirepourri the Deep Dwarf Gladiator began the quest for the Orb.
     0 | D        | Reached XP level 1. HP: 19/19 MP: 1/1
     4 | D        | Became a worshipper of Makhleb the Destroyer
     5 | D        | Noticed a bag of meat
     6 | D        | Noticed a bag of meat
     6 | D        | Noticed a meat berserker
     6 | D        | Noticed a bag of meat
     7 | D        | Noticed a bag of meat
     8 | D        | Noticed a bag of meat
     9 | D        | Killed a meat berserker
     9 | D        | Reached skill level 5 in Axes
     9 | D        | Reached XP level 2. HP: 44/44 MP: 2/2
     9 | D        | Reached XP level 3. HP: 51/51 MP: 3/3
     9 | D        | Reached XP level 4. HP: 60/60 MP: 4/4
     9 | D        | Reached XP level 5. HP: 66/66 MP: 5/5
     9 | D        | Reached XP level 6. HP: 74/74 MP: 6/6
     9 | D        | Reached XP level 7. HP: 81/81 MP: 7/7
     9 | D        | Reached XP level 8. HP: 90/90 MP: 8/8
     9 | D        | Gained mutation: You passively map the area around you. [Deep Dwarf growth]
     9 | D        | Reached XP level 9. HP: 97/97 MP: 9/9
     9 | D        | Reached XP level 10. HP: 104/104 MP: 10/10
     9 | D        | Reached XP level 11. HP: 111/111 MP: 11/11
     9 | D        | Reached XP level 12. HP: 120/120 MP: 12/12
     9 | D        | Reached XP level 13. HP: 127/127 MP: 13/13
     9 | D        | Noticed a bag of meat
    10 | D        | Killed a bag of meat
    10 | D        | Reached * piety under Makhleb
    10 | D        | Noticed a bag of meat
    11 | D        | Killed a bag of meat
    11 | D        | Gained mutation: You resist negative energy. (rN+) [Deep Dwarf growth]
    11 | D        | Reached XP level 14. HP: 95/139 MP: 14/14
    11 | D        | Killed a bag of meat
    11 | D        | Killed a bag of meat
    11 | D        | Reached ** piety under Makhleb
    11 | D        | Reached XP level 15. HP: 139/152 MP: 15/15
    11 | D        | Reached skill level 15 in Fighting
    11 | D        | Reached skill level 27 in Dodging
    11 | D        | Noticed a meat berserker
    13 | D        | Reached *** piety under Makhleb
    13 | D        | Reached skill level 15 in Throwing
    13 | D        | Reached XP level 16. HP: 169/169 MP: 16/16
    14 | D        | Killed a meat berserker
    14 | D        | Reached skill level 27 in Unarmed Combat
    14 | D        | Noticed a meat berserker
    19 | D        | Killed a meat berserker
    19 | D        | Reached XP level 17. HP: 189/189 MP: 17/17
    19 | D        | Noticed a meat berserker
    20 | D        | Reached **** piety under Makhleb
    21 | D        | Noticed a destroyer
    21 | D        | Noticed a destroyer
    21 | D        | Noticed a meat berserker
    22 | D        | Killed a meat berserker
    22 | D        | Reached skill level 27 in Axes
    22 | D        | Gained mutation: You passively map a large area around you. [Deep Dwarf growth]
    22 | D        | Reached XP level 18. HP: 210/210 MP: 18/18
    23 | D        | Killed a destroyer
    23 | D        | Reached skill level 27 in Fighting
    23 | D        | Reached skill level 15 in Armour
    25 | D        | Killed a destroyer
    25 | D        | Reached ***** piety under Makhleb
    25 | D        | Reached skill level 27 in Throwing
    25 | D        | Reached XP level 19. HP: 226/226 MP: 19/19
    27 | D        | Killed a meat berserker
    27 | D        | Reached skill level 27 in Armour
    27 | D        | Reached XP level 20. HP: 236/236 MP: 20/20
    29 | D        | Noticed a destroyer
    34 | D        | Killed a destroyer
    34 | D        | Noticed a meat berserker
    35 | D        | Noticed a destroyer
    36 | D        | Killed a meat berserker
    36 | D        | Noticed a meat berserker
    36 | D        | Noticed a destroyer
    37 | D        | Noticed a destroyer
    37 | D        | Noticed a destroyer
    38 | D        | Killed a destroyer
    38 | D        | Reached skill level 27 in Stealth
    38 | D        | Reached XP level 21. HP: 146/244 MP: 20/41
    38 | D        | Killed a destroyer
    38 | D        | Reached skill level 27 in Invocations
    39 | D        | Killed a destroyer
    39 | D        | Reached ****** piety under Makhleb
    39 | D        | Reached skill level 27 in Spellcasting
    39 | D        | Reached XP level 22. HP: 254/254 MP: 21/53
    41 | D        | Noticed a destroyer
    43 | D        | Killed a destroyer
    43 | D        | Reached XP level 23. HP: 262/262 MP: 22/54
    45 | D        | Killed a destroyer
    47 | D        | Reached XP level 24. HP: 272/272 MP: 23/54
    52 | D        | Reached XP level 25. HP: 280/280 MP: 24/54
    52 | D        | Noticed The Servant
    59 | D        | Noticed a tyrant
    59 | D        | Noticed a large bag of meat
    60 | D        | Noticed a destroyer
    61 | D        | Noticed a destroyer
    64 | D        | Noticed a tyrant
    64 | D        | Noticed a destroyer
    65 | D        | Killed a destroyer
    65 | D        | Reached XP level 26. HP: 106/290 MP: 28/54
    65 | D        | Noticed a destroyer
    65 | D        | Noticed a destroyer
    66 | D        | Killed a destroyer
    66 | D        | Noticed a dread
    68 | D        | Killed a destroyer
    69 | D        | Killed a destroyer
    69 | D        | Reached XP level 27. HP: 298/298 MP: 28/54
    72 | D        | Noticed a destroyer
    72 | D        | Killed a destroyer
    73 | D        | Killed a large bag of meat
    74 | D        | Killed a tyrant
    74 | D        | Mangled by The Servant

Skill      XL: |  1  2  3  4  5  6  7  8  9 10 11 12 13 14 15 16 17 18 19 20 21 |
---------------+----------------------------------------------------------------+-----
Fighting       | 11 12 14 17 21 24 27 | 27.0
Axes           | 5 8 11 16 23 27 | 27.0
Throwing       | 11 12 13 15 17 19 27 | 27.0
Dodging        | 21 24 26 27 | 27.0
Unarmed Combat | 18 21 23 25 27 | 27.0
Armour         | 3 6 21 27 | 27.0
Stealth        | 27 | 27.0
Spellcasting   | 16 27 | 27.0
Invocations    | 23 27 | 27.0

Action                   |  1- 3 |  4- 6 |  7- 9 | 10-12 | 13-15 | 16-18 | 19-21 | 22-24 | 25-27 || total
-------------------------+-------+-------+-------+-------+-------+-------+-------+-------+-------++-------
Melee: Executioner's axe |     1 |       |       |       |     4 |     6 |     6 |    10 |    18 ||    45
Dodge: Dodged            |       |       |       |       |     1 |     1 |       |       |     2 ||     4
